 Dungeon Crawl Stone Soup version 0.23.0 (webtiles) character file.

Game seed: 9589041596702113895

49016 Lavandula the Thrower (level 14, -1/110 HPs)
             Began as a Gnoll Hunter on Feb 13, 2019.
             Was the Champion of Okawaru.
             Killed from afar by a crystal guardian (47 damage)
             ... with a crystal bolt
             ... on level 3 of the Abyss.
             The game lasted 00:55:23 (21664 turns).

Lavandula the Thrower (Gnoll Hunter)               Turns: 21664, Time: 00:55:24

Health: -1/110     AC: 21    Str: 19    XL:     14   Next: 48%
Magic:  27/27      EV: 16    Int: 13    God:    Okawaru [******]
Gold:   931        SH:  0    Dex: 12    Spells: 28/31 levels left

rFire    . . .     SeeInvis +   V - +3 lajatang of Painful Death {venom, *Rage +Fly rPois Dex-2}
rCold    + . .     Gourm    +   (shield currently unavailable)
rNeg     . . .     Faith    .   s - +6 ring mail of the Clam {+Inv Dex-3 SInv}
rPois    +         Spirit   .   D - +2 helmet
rElec    .         Reflect  .   A - +0 cloak
rCorr    .         Harm     .   T - +0 pair of gloves
MR       ++...     Rnd*Rage +   n - +1 pair of boots {Stlth+}
Stlth    ++++......             I - amulet of the gourmand
HPRegen  0.28/turn              b - ring of protection from magic
MPRegen  0.20/turn              Y - ring of protection from cold

@: no status effects
A: distributed training, fangs 1, strong nose
a: Heroism, Finesse, Renounce Religion, Evoke Invisibility, Evoke Flight


You were on level 3 of the Abyss.
You worshipped Okawaru.
Okawaru was exalted by your worship.
You were hungry.

You visited 3 branches of the dungeon, and saw 17 of its levels.
You visited the Abyss 1 time.
You also visited: Bailey and Ice Cave.

You collected 1112 gold pieces.
You spent 181 gold pieces at shops.

Inventory:

Hand Weapons
 g - a +4 scimitar of freezing
 N - a +1 dagger of draining
 S - a +1 hand axe of flaming
 V - the +3 lajatang of Painful Death (weapon) {venom, *Rage +Fly rPois Dex-2}
   (Okawaru gifted it to you in an ice cave)

   It poisons the flesh of those it strikes.
   It affects your dexterity (-2).
   It protects you from poison.
   It lets you fly.
   It may make you go berserk in combat.
 Z - a +5 falchion of holy wrath
Missiles
 d - 21 throwing nets
 q - 6 javelins of penetration (quivered)
 t - 3 poisoned javelins
 K - 12 tomahawks
Armour
 n - a +1 pair of boots of stealth (worn)
 r - a +0 troll leather armour
 s - the +6 ring mail of the Clam (worn) {+Inv Dex-3 SInv}
   (You found it on level 12 of the Dungeon)

   It affects your dexterity (-3).
   It lets you see invisible.
   It lets you turn invisible.
 A - a +0 cloak (worn)
 D - a +2 helmet (worn)
 E - a +3 leather armour of fire resistance
 T - a +0 pair of gloves (worn)
Jewellery
 b - a ring of protection from magic (left hand)
 m - an uncursed ring of fire
 I - an amulet of the gourmand (around neck)
 X - an uncursed ring of fire
 Y - a ring of protection from cold (right hand)
Wands
 c - a wand of random effects (23)
 o - a wand of acid (10)
 u - a wand of clouds (8)
 C - a wand of digging (2)
 F - a wand of iceblast (24)
 J - a wand of polymorph (9)
 O - a wand of paralysis (7)
 R - a wand of enslavement (19)
 U - a wand of scattershot (2)
 W - a wand of flame (23)
Scrolls
 a - 3 scrolls of enchant armour
 h - 2 scrolls of enchant weapon
 k - 9 scrolls of teleportation
 l - 2 scrolls of remove curse
 y - a scroll of magic mapping
 B - 3 scrolls of amnesia
 G - 2 scrolls of immolation {unknown}
 H - a scroll of fear {unknown}
Potions
 e - a potion of magic
 i - 3 potions of heal wounds {unknown}
 j - 2 potions of ambrosia {unknown}
 p - 3 potions of might
 v - a potion of mutation {unknown}
 w - a potion of cancellation {unknown}
 x - 4 potions of agility
 z - 4 potions of brilliance
 L - 5 potions of curing
 M - 2 potions of haste {unknown}
 P - 2 potions of flight
 Q - 2 potions of lignification
Comestibles
 f - 22 rations


   Skills:
 + Level 10.2 Fighting
 + Level 9.1 Short Blades
 + Level 9.1 Long Blades
 + Level 9.1 Axes
 + Level 9.1 Maces & Flails
 + Level 9.1 Polearms
 + Level 9.1 Staves
 + Level 9.1 Slings
 + Level 9.1 Bows
 + Level 9.1 Crossbows
 + Level 12.1 Throwing
 + Level 9.1 Armour
 + Level 10.2 Dodging
 + Level 9.4 Stealth
 + Level 9.1 Shields
 + Level 9.1 Unarmed Combat
 + Level 9.1 Spellcasting
 + Level 7.6 Conjurations
 + Level 7.6 Hexes
 + Level 7.6 Charms
 + Level 7.6 Summonings
 + Level 7.6 Necromancy
 + Level 7.6 Translocations
 + Level 7.6 Transmutations
 + Level 7.6 Fire Magic
 + Level 7.6 Ice Magic
 + Level 7.6 Air Magic
 + Level 7.6 Earth Magic
 + Level 7.6 Poison Magic
 + Level 9.9 Invocations
 + Level 9.1 Evocations


You had 28 spell levels left.
You knew the following spells:

 Your Spells              Type           Power        Failure   Level  Hunger
a - Confuse               Hex            ####....     2%          3    ##.....

Your spell library contained the following spells:

 Spells                   Type           Power        Failure   Level  Hunger
 Confusing Touch          Hex            ####..       1%          1    None
 Gell's Gravitas          Tloc           ####......   2%          3    ##.....
 Static Discharge         Conj/Air       ####....     2%          3    ##.....
 Petrify                  Tmut/Erth      ####....     9%          4    ####...
 Lightning Bolt           Conj/Air       ####......   24%         5    #####..
 Metabolic Englaciation   Hex/Ice        ####......   24%         5    #####..
 Yara's Violent Unravell  Hex/Tmut       ####......   24%         5    #####..
 Ignition                 Fire           ####......   100%        8    #######
 Shatter                  Erth           ####......   100%        9    #######
 Tornado                  Air            ####......   100%        9    #######


Dungeon Overview and Level Annotations

Branches:
Dungeon (15/15)            Temple (1/1) D:7            Lair (0/6) D:10
    Orc (0/2) D:9          Vaults (0/5) D:14         Depths (1/5) D:15

Altars:
Ashenzari
Cheibriados
Dithmenos
Elyvilon
Fedhas
Gozag
Hepliaklqana
Kikubaaqudgha
Makhleb
Nemelex Xobeh
Okawaru
Qazlal
Ru
Sif Muna
Trog
Uskayaw
Vehumet
Wu Jian
Xom
Yredelemnul
Zin
The Shining One

Shops:
D:5 [   D:6 :   D:15 %

Portals:
Hell: Depths:1

Annotations:
D:5 2 transporters, Oakoak's ghost, novice OgBe
D:11 exclusion: hydra
D:12 2 transporters, tiocybot's ghost, journeyman GnTm
D:15 Azrael; Nessos


Innate Abilities, Weirdness & Mutations

Your experience applies equally to all skills.
You have very sharp teeth.
Your uncanny sense of smell can sniff out nearby items.


Message History

You closely miss the wraith. You bite the wraith, but do no damage.
The wraith is almost destroyed.
The wraith hits you but does no damage.
You slash the wraith!
You destroy the wraith!
Okawaru accepts your kill.
You start resting.
You feel yourself speed up.
You recover from your berserk rage.
You start resting.
A ynoxinul comes into view.
You start resting.
You feel your health improve.
You start resting.
A crystal guardian comes into view.
You catch the helpless crystal guardian completely off-guard!
You hit the crystal guardian but do no damage.
You bite the crystal guardian, but do no damage.
The crystal guardian fires a crystalline bolt at you.
The crystal bolt burns you! The crystal bolt burns you!!!
You die...

#. .# # #
## . #.#
. # .
...# # ##
. # .#.
###.. . .
# . . ##
... . . #
.##..###.
# ..
#8#..###
.
..#.@##..
..# .
#### ....
# #
..##.#..
# #. ..#
. . ...
... # ...
#. # ..
##. ...
...# #3##
. . . .


You could see a crystal guardian.

Vanquished Creatures
  A tentacled starspawn (Abyss:3)
  A frost giant (IceCv)
  2 ettins (Depths:1)
  A yaktaur captain (D:15)
  4 vault guards (D:14)
  3 hydras
  A rakshasa (D:15)
  2 centaur warriors
  4 two-headed ogres
  A death yak (IceCv)
  A tengu warrior (D:14)
  A large abomination (Abyss:3)
  4 skeletal warriors (D:14)
  A sea snake (shapeshifter) (D:15)
  An unseen horror (D:12)
  5 ugly things
  A deep elf mage (D:13)
  A manticore (shapeshifter) (D:15)
  2 cyclopes
  A manticore (D:14)
  An ice statue (IceCv)
  3 gargoyles
  4 centaur skeletons
  4 rime drakes
  4 yaktaurs
  An efreet (D:13)
  An ancient zyme (Abyss:3)
  5 trolls
  9 polar bears (IceCv)
  3 hornets (D:12)
  9 slime creatures
  4 hippogriffs
  Sigmund (D:5)
  A wyvern (D:9)
  A shadow (D:14)
  3 wraiths
  2 vampires (D:13)
  A basilisk (D:12)
  15 yaks
  A steam dragon (D:13)
  A neqoxec (Abyss:3)
  3 hungry ghosts
  A chaos spawn (Abyss:3)
  2 wargs (D:10)
  2 soldier ants
  A water moccasin (D:12)
  An acid dragon (D:14)
  7 ice beasts
  2 black bears (D:9)
  6 orc warriors
  A sky beast (D:13)
  A necrophage (D:14)
  2 eyes of draining (D:15)
  2 phantoms
  3 ogres
  4 wolves (IceCv)
  4 boggarts (D:15)
  12 centaurs
  2 big kobolds (D:13)
  13 bullfrogs
  12 gnoll sergeants
  2 wyvern skeletons
  A hornet simulacrum (D:14)
  5 scorpions
  10 killer bees (D:9)
  4 howler monkeys
  4 wights
  3 electric eels (D:6)
  7 crimson imps
  2 bullfrog zombies
  6 centaur zombies
  10 orc priests
  13 hounds
  8 gnoll shamans
  3 bullfrog skeletons
  5 jellies
  An iguana (shapeshifter) (D:15)
  9 orc wizards
  Ijyb (D:4)
  3 iguanas
  7 worker ants
  A hound zombie (D:7)
  3 hound skeletons
  A worker ant zombie (D:6)
  14 adders
  48 gnolls
  2 howler monkey skeletons
  3 shadow imps
  An ooze (D:5)
  2 adder skeletons
  A worm (D:3)
  2 dart slugs (D:1)
  7 leopard geckos
  34 orcs
  8 bats
  A giant cockroach (D:3)
  8 goblins
  8 hobgoblins
  20 jackals
  2 quokkas
  8 frilled lizards
  2 jackal skeletons (D:6)
  16 kobolds
  5 rats
  A starspawn tentacle (Abyss:3)
495 creatures vanquished.

Vanquished Creatures (others)
  2 polar bears (IceCv)
  7 yaks (IceCv)
  A boggart (D:15)
  13 wolves (IceCv)
  A fungus (D:15)
  6 plants (D:5)
  A starspawn tentacle (Abyss:3)
31 creatures vanquished.

Grand Total: 526 creatures vanquished

Notes
Turn   | Place    | Note
-------+----------+-------------------------------------------
     0 | D:1      | Lavandula the Gnoll Hunter began the quest for the Orb.
     0 | D:1      | Reached XP level 1. HP: 20/20 MP: 1/1
   123 | D:1      | Reached XP level 2. HP: 21/26 MP: 2/2
   600 | D:1      | Reached XP level 3. HP: 31/31 MP: 3/3
  1092 | D:2      | Reached skill level 1 in Invocations
  1375 | D:2      | Reached skill level 1 in Short Blades
  1375 | D:2      | Reached skill level 1 in Long Blades
  1375 | D:2      | Reached skill level 1 in Axes
  1375 | D:2      | Reached skill level 1 in Maces & Flails
  1375 | D:2      | Reached skill level 1 in Polearms
  1375 | D:2      | Reached skill level 1 in Staves
  1375 | D:2      | Reached skill level 1 in Slings
  1375 | D:2      | Reached skill level 1 in Bows
  1375 | D:2      | Reached skill level 1 in Crossbows
  1375 | D:2      | Reached skill level 1 in Armour
  1375 | D:2      | Reached skill level 1 in Shields
  1375 | D:2      | Reached skill level 1 in Unarmed Combat
  1375 | D:2      | Reached skill level 1 in Spellcasting
  1375 | D:2      | Reached skill level 1 in Evocations
  1375 | D:2      | Reached XP level 4. HP: 30/38 MP: 5/5
  1405 | D:2      | Found an opulent altar of Gozag.
  2152 | D:3      | Reached skill level 1 in Conjurations
  2152 | D:3      | Reached skill level 1 in Hexes
  2152 | D:3      | Reached skill level 1 in Charms
  2152 | D:3      | Reached skill level 1 in Summonings
  2152 | D:3      | Reached skill level 1 in Necromancy
  2152 | D:3      | Reached skill level 1 in Translocations
  2152 | D:3      | Reached skill level 1 in Transmutations
  2152 | D:3      | Reached skill level 1 in Fire Magic
  2152 | D:3      | Reached skill level 1 in Ice Magic
  2152 | D:3      | Reached skill level 1 in Air Magic
  2152 | D:3      | Reached skill level 1 in Earth Magic
  2152 | D:3      | Reached skill level 1 in Poison Magic
  2686 | D:4      | Reached XP level 5. HP: 43/43 MP: 5/7
  2715 | D:4      | Noticed an ogre
  2727 | D:4      | Killed an ogre
  2761 | D:4      | Noticed Ijyb
  2773 | D:4      | Killed Ijyb
  2773 | D:4      | Reached XP level 6. HP: 50/50 MP: 8/8
  3376 | D:5      | Entered Level 5 of the Dungeon
  3400 | D:5      | Reached skill level 5 in Fighting
  3400 | D:5      | Reached skill level 5 in Dodging
  3538 | D:5      | Reached XP level 7. HP: 51/56 MP: 10/10
  4095 | D:5      | Noticed Oakoak's ghost (novice OgBe)
  4103 | D:5      | Noticed Sigmund
  4141 | D:5      | Killed Sigmund
  4141 | D:5      | Reached skill level 9 in Throwing
  4141 | D:5      | Reached XP level 8. HP: 31/63 MP: 10/12
  4298 | D:5      | Found a transporter.
  4298 | D:5      | Found a transporter.
  4348 | D:5      | Found Miada's Armour Shoppe.
  4356 | D:5      | Bought a +1 pair of boots of stealth for 181 gold pieces
  4931 | D:6      | Found Pauts's Book Shoppe.
  5865 | D:6      | Reached XP level 9. HP: 43/69 MP: 14/14
  7201 | D:7      | Reached skill level 5 in Stealth
  7458 | D:7      | Reached skill level 5 in Invocations
  7532 | D:7      | Found a staircase to the Ecumenical Temple.
  7612 | Temple   | Entered the Ecumenical Temple
  7708 | Temple   | Became a worshipper of Warmaster Okawaru
  7942 | D:7      | Reached XP level 10. HP: 31/77 MP: 17/17
  8175 | D:7      | Learned a level 3 spell: Confuse
  8645 | D:8      | You fall through a shaft!
  8903 | D:9      | Reached * piety under Okawaru
  8903 | D:9      | Reached skill level 5 in Short Blades
  8903 | D:9      | Reached skill level 5 in Long Blades
  8903 | D:9      | Reached skill level 5 in Axes
  8903 | D:9      | Reached skill level 5 in Maces & Flails
  8903 | D:9      | Reached skill level 5 in Polearms
  8903 | D:9      | Reached skill level 5 in Staves
  8903 | D:9      | Reached skill level 5 in Slings
  8903 | D:9      | Reached skill level 5 in Bows
  8903 | D:9      | Reached skill level 5 in Crossbows
  8903 | D:9      | Reached skill level 5 in Armour
  8903 | D:9      | Reached skill level 5 in Shields
  8903 | D:9      | Reached skill level 5 in Unarmed Combat
  8903 | D:9      | Reached skill level 5 in Spellcasting
  8903 | D:9      | Reached skill level 5 in Evocations
  8994 | D:9      | Noticed a two-headed ogre
  9002 | D:9      | Killed a two-headed ogre
  9002 | D:9      | Reached ** piety under Okawaru
  9002 | D:9      | Reached skill level 10 in Throwing
  9456 | D:9      | Found a staircase to the Orcish Mines.
  9897 | D:10     | Entered Level 10 of the Dungeon
  9931 | D:10     | Noticed a two-headed ogre
  9940 | D:10     | Killed a two-headed ogre
  9940 | D:10     | Reached *** piety under Okawaru
  9959 | D:10     | Reached XP level 11. HP: 79/84 MP: 10/19
 10413 | D:10     | Reached **** piety under Okawaru
 10622 | D:10     | Found a staircase to the Lair.
 10937 | D:10     | Reached skill level 5 in Conjurations
 10937 | D:10     | Reached skill level 5 in Hexes
 10937 | D:10     | Reached skill level 5 in Charms
 10937 | D:10     | Reached skill level 5 in Summonings
 10937 | D:10     | Reached skill level 5 in Necromancy
 10937 | D:10     | Reached skill level 5 in Translocations
 10937 | D:10     | Reached skill level 5 in Transmutations
 10937 | D:10     | Reached skill level 5 in Fire Magic
 10937 | D:10     | Reached skill level 5 in Ice Magic
 10937 | D:10     | Reached skill level 5 in Air Magic
 10937 | D:10     | Reached skill level 5 in Earth Magic
 10937 | D:10     | Reached skill level 5 in Poison Magic
 10947 | D:10     | Received a gift from Okawaru
 11056 | D:10     | Received a gift from Okawaru
 11066 | D:10     | Noticed a two-headed ogre
 11074 | D:10     | Killed a two-headed ogre
 11512 | D:10     | Noticed a cyclops
 11521 | D:10     | Killed a cyclops
 11521 | D:10     | Received a gift from Okawaru
 11818 | D:11     | Noticed a seven-headed hydra
 11932 | D:11     | Found a frozen archway.
 12098 | IceCv    | Entered an ice cave
 12136 | IceCv    | Reached ***** piety under Okawaru
 12629 | IceCv    | Received a gift from Okawaru
 12992 | IceCv    | Noticed a death yak
 12995 | IceCv    | Reached XP level 12. HP: 92/93 MP: 22/22
 13029 | IceCv    | Killed a death yak
 13299 | IceCv    | Received a gift from Okawaru
 13300 | IceCv    | Got a bone lajatang {god gift}
 13307 | IceCv    | Identified the +3 lajatang of Painful Death {venom, *Rage
                  | +Fly rPois Dex-2} (Okawaru gifted it to you in an ice cave)
 14973 | IceCv    | Noticed a frost giant
 14988 | IceCv    | Killed a frost giant
 14996 | IceCv    | Reached skill level 11 in Throwing
 15293 | D:11     | Noticed a two-headed ogre
 15330 | D:11     | Killed a two-headed ogre
 15649 | D:12     | Found a transporter.
 15649 | D:12     | Noticed a five-headed hydra
 15650 | D:12     | Noticed a death knight
 15652 | D:12     | Noticed tiocybot's ghost (journeyman GnTm)
 15689 | D:12     | Noticed a seven-headed hydra
 15875 | D:12     | Received a gift from Okawaru
 16692 | D:13     | Noticed a centaur warrior
 16706 | D:13     | Killed a centaur warrior
 16706 | D:13     | Received a gift from Okawaru
 16858 | D:13     | Noticed an eight-headed hydra
 16868 | D:13     | Killed an eight-headed hydra
 16868 | D:13     | Received a gift from Okawaru
 16868 | D:13     | Reached XP level 13. HP: 101/101 MP: 24/24
 17455 | D:12     | Found a transporter.
 17528 | D:12     | Got a smoking ring mail
 17539 | D:12     | Identified the +6 ring mail of the Clam {+Inv Dex-3 SInv}
                  | (You found it on level 12 of the Dungeon)
 18101 | D:14     | Found a flagged portal.
 18118 | D:14     | Received a gift from Okawaru
 18148 | Bailey   | Entered a bailey
 18984 | D:14     | Found a stormy altar of Qazlal.
 19046 | D:14     | Received a gift from Okawaru
 19572 | D:14     | Noticed a vault guard
 19574 | D:14     | Noticed a vault guard
 19611 | D:14     | Killed a vault guard
 19613 | D:14     | Reached ****** piety under Okawaru
 19624 | D:14     | Killed a vault guard
 19658 | D:14     | Noticed a vault guard
 19685 | D:14     | Killed a vault guard
 19696 | D:14     | Noticed a vault guard
 20024 | D:14     | Killed a vault guard
 20096 | D:14     | Found a gate to the Vaults.
 20296 | D:15     | Entered Level 15 of the Dungeon
 20309 | D:15     | Found a blossoming altar of Fedhas.
 20351 | D:15     | Noticed a rakshasa
 20364 | D:15     | Killed a rakshasa
 20364 | D:15     | Reached XP level 14. HP: 97/109 MP: 26/26
 20370 | D:15     | Received a gift from Okawaru
 20690 | D:15     | Found a staircase to the Depths.
 20730 | D:15     | Found Girupuib's Food Emporium.
 20759 | D:15     | Reached skill level 10 in Fighting
 20759 | D:15     | Reached skill level 12 in Throwing
 20759 | D:15     | Reached skill level 10 in Dodging
 21092 | D:15     | Noticed Azrael
 21092 | D:15     | Noticed Nessos
 21146 | Depths:1 | Entered Level 1 of the Depths
 21167 | D:15     | Received a gift from Okawaru
 21176 | D:15     | Got a spiked cloak {god gift}
 21182 | D:15     | Identified the +0 cloak of Altruism {-Cast Str+5} (Okawaru
                  | gifted it to you on level 15 of the Dungeon)
 21378 | Depths:1 | Found a gateway to Hell.
 21407 | Depths:1 | Cast into level 2 of the Abyss (a wizard)
 21552 | Abyss:3  | Noticed a tentacled starspawn
 21582 | Abyss:3  | Killed a tentacled starspawn
 21664 | Abyss:3  | Killed from afar by a crystal guardian

Skill      XL: |  1  2  3  4  5  6  7  8  9 10 11 12 13 14 |
---------------+-------------------------------------------+-----
Invocations    | 1 2 3 4 5 6 7 8 9 |  9.9
Short Blades   | 1 2 3 4 5 6 7 8 9 |  9.1
Long Blades    | 1 2 3 4 5 6 7 8 9 |  9.1
Axes           | 1 2 3 4 5 6 7 8 9 |  9.1
Maces & Flails | 1 2 3 4 5 6 7 8 9 |  9.1
Polearms       | 1 2 3 4 5 6 7 8 9 |  9.1
Staves         | 1 2 3 4 5 6 7 8 9 |  9.1
Slings         | 1 2 3 4 5 6 7 8 9 |  9.1
Bows           | 1 2 3 4 5 6 7 8 9 |  9.1
Crossbows      | 1 2 3 4 5 6 7 8 9 |  9.1
Armour         | 1 2 3 4 5 6 7 8 9 |  9.1
Shields        | 1 2 3 4 5 6 7 8 9 |  9.1
Unarmed Combat | 1 2 3 4 5 6 7 8 9 |  9.1
Spellcasting   | 1 2 3 4 5 6 7 8 9 |  9.1
Evocations     | 1 2 3 4 5 6 7 8 9 |  9.1
Conjurations   | 1 2 3 4 5 6 7 |  7.6
Hexes          | 1 2 3 4 5 6 7 |  7.6
Charms         | 1 2 3 4 5 6 7 |  7.6
Summonings     | 1 2 3 4 5 6 7 |  7.6
Necromancy     | 1 2 3 4 5 6 7 |  7.6
Translocations | 1 2 3 4 5 6 7 |  7.6
Transmutations | 1 2 3 4 5 6 7 |  7.6
Fire Magic     | 1 2 3 4 5 6 7 |  7.6
Ice Magic      | 1 2 3 4 5 6 7 |  7.6
Air Magic      | 1 2 3 4 5 6 7 |  7.6
Earth Magic    | 1 2 3 4 5 6 7 |  7.6
Poison Magic   | 1 2 3 4 5 6 7 |  7.6
Stealth        | 3 4 5 6 7 8 9 |  9.4
Fighting       | 5 6 7 8 9 10 | 10.2
Dodging        | 5 6 7 8 9 10 | 10.2
Throwing       | 9 10 11 12 | 12.1

Action                   |  1- 3 |  4- 6 |  7- 9 | 10-12 | 13-15 || total
-------------------------+-------+-------+-------+-------+-------++-------
Melee: Short sword       |   137 |   151 |   101 |       |       ||   389
       Bite              |    11 |    15 |    96 |    74 |    71 ||   267
       Punch             |     1 |       |       |       |       ||     1
       Falchion          |       |       |   122 |       |     6 ||   128
       Whip              |       |       |    61 |       |       ||    61
       Scimitar          |       |       |   214 |   364 |       ||   578
       Dagger            |       |       |     6 |       |       ||     6
       Spear             |       |       |     8 |       |       ||     8
       Lajatang          |       |       |       |   198 |   528 ||   726
       Hand axe          |       |       |       |       |     5 ||     5
 Fire: Blowgun           |       |     9 |       |       |       ||     9
Throw: Javelin           |     9 |    14 |     4 |    33 |    42 ||   102
       Throwing net      |       |       |     1 |     2 |       ||     3
       Tomahawk          |       |       |     1 |    80 |     4 ||    85
 Cast: Confuse           |       |       |       |    10 |       ||    10
Invok: Heroism           |       |       |       |     1 |     2 ||     3
 Abil: Evoke Invisibilit |       |       |       |       |     4 ||     4
Evoke: Wand              |       |       |     7 |     2 |       ||     9
  Use: Scroll            |       |     9 |     1 |    10 |     4 ||    24
       Potion            |       |       |     2 |     2 |       ||     4
 Stab: Sleeping          |     5 |     6 |     5 |    24 |    11 ||    51
       Distracted        |       |       |     2 |     1 |     3 ||     6
       Held in net/web   |       |       |     1 |       |       ||     1
       Confused          |       |       |       |     4 |       ||     4
       Invisible         |       |       |       |       |     9 ||     9
  Eat: Chunk             |     1 |     8 |    11 |    24 |    10 ||    54
       Ration            |       |       |     1 |     4 |     3 ||     8
Armor: Leather armour    |    40 |    51 |   203 |   195 |    11 ||   500
       Ring mail         |       |       |       |       |   244 ||   244
Dodge: Dodged            |    98 |   123 |   440 |   389 |   468 ||  1518
Block: Buckler           |       |    32 |   151 |   112 |       ||   295
       Rpst.: Falchion   |       |       |    24 |       |       ||    24
       Scimitar          |       |       |    50 |    61 |       ||   111
